 Dungeon Crawl Stone Soup version 0.31-a0-117-g42d8f58691 (webtiles) character file.

Game seed: 17863809430936118434

65 Esekla the Sneak (level 4, -6/31 HPs)
             Began as an Octopode Delver on May 31, 2023.
             Mangled by a water moccasin (9 damage)
             ... in the Ecumenical Temple.
             The game lasted 00:03:21 (353 turns).

Esekla the Sneak (Octopode Delver)                   Turns: 353, Time: 00:03:21

Health: -6/31      AC:  1    Str: 11    XL:     4   Next: 13%
Magic:  5/5        EV: 13    Int: 14    God:
Gold:   25         SH:  0    Dex: 13    Spells: 5/5 levels left

rFire   . . .        a - +0 falchion
rCold   . . .        (no shield)
rNeg    . . .        (helmet restricted)
rPois   .            (no amulet)
rElec   .            (no ring)
rCorr   .            (no ring)
SInv    .            (no ring)
Will    .....        (no ring)
Stlth   +++++        (no ring)
HPRegen 0.25/turn    (no ring)
MPRegen 0.09/turn    (no ring)
                     (no ring)

%: no passive effects
@: no status effects
A: almost no armour, amphibious, 8 rings, camouflage 1, gelatinous body 1,
(nimble swimmer 1), tentacles
a: no special abilities


You were in the Ecumenical Temple.
You visited 2 branches of the dungeon, and saw 2 of its levels.

You collected 25 gold pieces.

Inventory:

Hand Weapons
 a - a +0 falchion (weapon)
Wands
 f - a wand of digging (3)
Scrolls
 b - a scroll of fog


   Skills:
 * Level 3.3 Fighting
 * Level 2.3 Long Blades
 * Level 2.3 Dodging
 + Level 7.5 Stealth
 * Level 1.0 Spellcasting


You had 5 spell levels left.
You didn't know any spells.
Your spell library contained the following spells:

 Spells                   Type           Power      Damage    Failure   Level
 Poisonous Vapours        Pois/Air       0%         N/A       36%         2
 Mephitic Cloud           Conj/Pois/Air  0%         N/A       61%         3
 Freezing Cloud           Conj/Ice/Air   0%         6-21      100%        5


Dungeon Overview and Level Annotations

Branches:
Dungeon (5/15)             Temple (1/1) D:5

Altars:
Ashenzari
Cheibriados
Dithmenos
Elyvilon
Gozag
Hepliaklqana
Kikubaaqudgha
Makhleb
Nemelex Xobeh
Qazlal
Sif Muna
Trog
Wu Jian
Xom
Yredelemnul
Zin
The Shining One


Innate Abilities, Weirdness & Mutations

You cannot wear most types of armour.
You are amphibious.
You can wear up to eight rings at the same time.
Your skin changes colour to match your surroundings (Stealth+).
Your rubbery body absorbs attacks. (AC +1, EV +1)
((You are camouflaged when in or above water. (Stealth+)))
You have tentacles for arms and can constrict up to eight enemies at once.


Message History

You see here 9 gold pieces.
You now have 25 gold pieces (gained 9).
The centaur shoots an arrow.
The arrow barely misses you.
The centaur shoots an arrow.
The arrow barely misses you.
Your extra speed is starting to run out.
A white imp comes into view.
You feel yourself slow down.
The water moccasin attacks as you move away!
The water moccasin bites you.
* * * LOW HITPOINT WARNING * * *
The water moccasin attacks as you move away!
The water moccasin closely misses you. x2
Okay, then.
You aren't carrying any potions.
Unknown command.
There is a staircase to the Ecumenical Temple here.
The water moccasin bites you.
* * * LOW HITPOINT WARNING * * *
The water moccasin barely misses you.
You climb downwards.
Welcome back to the Ecumenical Temple!
There is a staircase back to the Dungeon here.
You aren't carrying any potions.
As you read the scroll labelled ISECOM JOGE, it crumbles to dust.
It is a scroll of amnesia.
You feel forgetful for a moment. The water moccasin barely misses you.
You barely miss the water moccasin. You grab the water moccasin.
You constrict the water moccasin, but do no damage.
The water moccasin barely misses you. The water moccasin bites you.
* * * LOW HITPOINT WARNING * * *
You barely miss the water moccasin. You constrict the water moccasin.
The water moccasin closely misses you. The water moccasin barely misses you.
You hit the water moccasin.
The water moccasin is moderately wounded.
You constrict the water moccasin. The water moccasin barely misses you.
You hit the water moccasin but do no damage.
You squeeze the water moccasin, but do no damage.
The water moccasin is moderately wounded.
You constrict the water moccasin, but do no damage.
The water moccasin bites you!
You die...

.................................
.##.........#.......#.........##.
####≈.....≈###.....###≈.....≈####
# ##.....#####...#####.....## # #
##...###≈≈.....≈≈###...## # ##
##.....##≈≈.....≈≈##.....## ##
.###.......#.........#.......###.
.................S...............
......._........@........_.......
.................................
.###.......#.........#.......###.
## ##.....##≈≈.....≈≈##.....## ##
# ##...###≈≈.....≈≈###...## # #
##.....#####...#####..... #
####≈.....≈###.....## ≈....
.##.........#.......#.
........................


You could see a water moccasin.

Vanquished Creatures
  A howler monkey (D:5)
  A sleepcap (D:5)
2 creatures vanquished.

Notes
Turn   | Place    | Note
-------+----------+-------------------------------------------
     0 | D:5      | Esekla the Octopode Delver began the quest for the Orb.
     0 | D:5      | Reached XP level 1. HP: 16/16 MP: 1/1
    34 | D:5      | Noticed a water moccasin
    46 | D:5      | Found a staircase to the Ecumenical Temple.
    79 | Temple   | Entered the Ecumenical Temple
   250 | D:5      | Noticed a sleepcap
   262 | D:5      | Noticed a centaur
   280 | D:5      | Noticed a howler monkey
   292 | D:5      | Killed a howler monkey
   293 | D:5      | Reached skill level 7 in Stealth
   293 | D:5      | Reached XP level 2. HP: 9/21 MP: 1/3
   293 | D:5      | Reached XP level 3. HP: 11/26 MP: 1/4
   295 | D:5      | Reached skill level 1 in Spellcasting
   295 | D:5      | Reached XP level 4. HP: 14/31 MP: 1/5
   297 | D:5      | Noticed a black bear
   353 | Temple   | Mangled by a water moccasin

Illustrated notes

Levels and vault maps discovered:
D:5:      layout_loops_ring, minmay_temple_entry_wispy, gammafunk_ghost_hive
Temple:   nicolae_temple_slightly_damp_pantheon

Skill      XL: |  1  2  3 |
---------------+----------+-----
Stealth        | 7 |  7.5
Spellcasting   | 1 |  1.0
Fighting       | |  3.3
Long Blades    | |  2.3
Dodging        | |  2.3

Action                     |  1- 3 |  4- 6 || total
---------------------------+-------+-------++-------
  Melee: Falchion          |    10 |     4 ||    14
         Tentacles         |     4 |     1 ||     5
         Constrict         |     2 |     1 ||     3
    Use: Scroll            |     2 |     1 ||     3
         Potion            |     1 |       ||     1
  Dodge: Dodged            |     9 |    12 ||    21

Table legend: (Time is in decaauts)
 A = Elapsed time spent in this place.
 B = Non-inter-level travel time spent in this place.
 C = Inter-level travel time spent in this place.
 D = Time resting spent in this place.
 E = Time spent auto-exploring this place.
 F = Levels seen in this place.
 G = Mean time per level.
                   A        B        C        D        E       F      G
               +--------+--------+--------+--------+--------+-----+--------+
         Total |    337 |    314 |     23 |      0 |    119 |   2 |  168.5 |
       Dungeon |    172 |    171 |      1 |      0 |      0 |   1 |  172.0 |
        Temple |    164 |    142 |     22 |      0 |    119 |   1 |  164.0 |
               +--------+--------+--------+--------+--------+-----+--------+

Top non-repeatable levels by time:
     D:5: 172 daAuts
  Temple: 164 daAuts
